 Dungeon Sprint DCSS version 0.23.0-3-gf3c87f2 (webtiles) character file.

Game seed: 15828602391744736164

1189 nuthulu the Grappler (level 8, 0/138 HPs)
             Began as a Troll Berserker on Feb 24, 2019.
             Was an Elder of Trog.
             Slain by a centaur warrior (16 damage)
             ... in the Dungeon (Sprint I: "Red Sonja").
             The game lasted 00:01:33 (585 turns).

nuthulu the Grappler (Troll Berserker)               Turns: 585, Time: 00:01:33

Health: 0/138      AC:  6    Str: 33    XL:     8   Next: 19%
Magic:  7/7        EV: 13    Int:  3    God:    Trog [****..]
Gold:   409        SH:  0    Dex:  9    Spells: 7/7 levels left

rFire    . . .     SeeInvis .     - Unarmed
rCold    . . .     Gourm    +   (no shield)
rNeg     . . .     Faith    .   a - +0 animal skin
rPois    .         Spirit   .   (helmet restricted)
rElec    .         Reflect  .   (no cloak)
rCorr    .         Harm     .   (gloves unavailable)
MR       ++...     NoTele   +   (boots unavailable)
Stlth    ..........             (no amulet)
HPRegen  1.73/turn              (no ring)
MPRegen  0.10/turn              (no ring)

@: berserking, regenerating, very quick
A: large, unfitting armour, claws 3, fast metabolism 3, gourmand, regeneration
1, shaggy fur 1, tough skin 3
a: Berserk, Trog's Hand, Brothers in Arms, Renounce Religion


You were in the Dungeon.
You worshipped Trog.
Trog was greatly pleased with you.
You were very full.

You visited 1 branch You collected 409 gold pieces.

Inventory:

Armour
 a - a +0 animal skin (worn)
Scrolls
 h - a scroll of blinking
 i - a scroll of acquirement {unknown}
Potions
 c - 2 potions of curing
 d - a potion of heal wounds
 e - a potion of haste
 f - 2 potions of magic
 g - a potion of berserk rage
Comestibles
 b - 2 rations


   Skills:
 + Level 9.2 Fighting
 + Level 9.2 Dodging
 + Level 10.9 Unarmed Combat


You had 7 spell levels left.
You didn't know any spells.
Your spell library was empty.

Dungeon Overview and Level Annotations

Branches:
Dungeon (1/1)

Altars:
Cheibriados
Dithmenos
Elyvilon
Fedhas
Gozag
Hepliaklqana
Kikubaaqudgha
Makhleb
Nemelex Xobeh
Okawaru
Qazlal
Ru
Sif Muna
Trog
Uskayaw
Vehumet
Wu Jian
Xom
Yredelemnul
Zin
The Shining One
Jiyva
Lugonu

Shops:
D *


Innate Abilities, Weirdness & Mutations

You are too large for most types of armour.
You have claws for hands.
Your metabolism is lightning-fast.
You like to eat raw meat.
Your natural rate of healing is unusually fast.
You are covered in fur. (AC +1)
You have extremely tough skin. (AC +3)


Message History

* * * LOW HITPOINT WARNING * * *
The centaur warrior hits you!
* * * LOW HITPOINT WARNING * * *
You mangle the centaur warrior!!
The centaur warrior is heavily wounded.
The centaur warrior hits you but does no damage.
The centaur warrior misses you.
You eviscerate the centaur warrior!!!
The centaur warrior is almost dead.
You claw the centaur warrior!
The centaur warrior is severely wounded.
The centaur warrior hits you!
* * * LOW HITPOINT WARNING * * *
The centaur warrior hits you.
* * * LOW HITPOINT WARNING * * *
You closely miss the centaur warrior. Your claw misses the centaur warrior.
The centaur warrior is almost dead.
The centaur warrior hits you but does no damage.
The centaur warrior hits you!
You die...

#######################
#.)').#..'..#__#..')..#
'..#..').#..'..'..#)..#
#####'#####'#__####...+
####..#...#.####§§#####
#__####..##[#§≈§@c#
#_____##'#_.'§≈§c§+
#_.∩...'...§#≈§≈§.#
#_..__##_.#'##+####
#_____###+#.# #######
###


You could see 2 centaur warriors.

Vanquished Creatures
  2 kobold demonologists (D)
  A slime creature (D)
  Sigmund (D)
  A yak (D)
  A floating eye (D)
  An ogre (D)
  A jelly (D)
  Ijyb (D)
9 creatures vanquished.

Notes
Turn   | Place    | Note
-------+----------+-------------------------------------------
     0 | D        | nuthulu the Troll Berserker began the quest for the Orb.
     0 | D        | Reached XP level 1. HP: 22/22 MP: 0/0
     1 | D        | Noticed Ijyb
     7 | D        | Killed Ijyb
     7 | D        | Reached skill level 4 in Unarmed Combat
     7 | D        | Reached XP level 2. HP: 28/31 MP: 1/1
    14 | D        | Noticed an ogre
    19 | D        | Killed an ogre
    19 | D        | Reached skill level 5 in Fighting
    19 | D        | Reached skill level 5 in Dodging
    19 | D        | Reached skill level 6 in Unarmed Combat
    19 | D        | Reached XP level 3. HP: 15/42 MP: 2/2
    19 | D        | Reached XP level 4. HP: 18/50 MP: 3/3
   147 | D        | Noticed Sigmund
   157 | D        | Killed Sigmund
   157 | D        | Reached ** piety under Trog
   157 | D        | Reached skill level 7 in Unarmed Combat
   157 | D        | Reached XP level 5. HP: 61/61 MP: 4/4
   306 | D        | Found an ornate altar of the Wu Jian Council.
   306 | D        | Found a deep blue altar of Sif Muna.
   308 | D        | Found a radiant altar of Vehumet.
   312 | D        | Reached skill level 8 in Unarmed Combat
   312 | D        | Reached XP level 6. HP: 64/68 MP: 5/5
   321 | D        | Found Deheh's Assorted Antiques.
   321 | D        | Found an ancient bone altar of Kikubaaqudgha.
   321 | D        | Found a hazy altar of Hepliaklqana.
   321 | D        | Found a stormy altar of Qazlal.
   321 | D        | Found a hide-covered altar of Uskayaw.
   321 | D        | Found a blossoming altar of Fedhas.
   321 | D        | Found a bloodstained altar of Trog.
   321 | D        | Found an iron altar of Okawaru.
   321 | D        | Found a basalt altar of Yredelemnul.
   321 | D        | Found a glowing golden altar of the Shining One.
   321 | D        | Found a snail-covered altar of Cheibriados.
   321 | D        | Found a sacrificial altar of Ru.
   321 | D        | Found a glowing silver altar of Zin.
   321 | D        | Found a shadowy altar of Dithmenos.
   321 | D        | Found a white marble altar of Elyvilon.
   321 | D        | Noticed a yak
   324 | D        | Killed a yak
   325 | D        | Found an opulent altar of Gozag.
   332 | D        | Found a sparkling altar of Nemelex Xobeh.
   358 | D        | Found a viscous altar of Jiyva.
   358 | D        | Found a corrupted altar of Lugonu.
   358 | D        | Noticed a slime creature
   359 | D        | Found a burning altar of Makhleb.
   359 | D        | Found a shimmering altar of Xom.
   364 | D        | Killed a slime creature
   364 | D        | Reached *** piety under Trog
   364 | D        | Reached skill level 9 in Unarmed Combat
   364 | D        | Reached XP level 7. HP: 31/80 MP: 6/6
   522 | D        | Noticed a centaur warrior
   548 | D        | Noticed a kobold demonologist
   549 | D        | Noticed a kobold demonologist
   554 | D        | Killed a kobold demonologist
   554 | D        | Reached skill level 10 in Unarmed Combat
   557 | D        | Noticed a smoke demon
   560 | D        | Killed a kobold demonologist
   560 | D        | Reached **** piety under Trog
   560 | D        | Reached XP level 8. HP: 92/92 MP: 7/7
   575 | D        | Noticed a centaur warrior
   585 | D        | Slain by a centaur warrior

Skill      XL: |  1  2  3  4  5  6  7 |
---------------+----------------------+-----
Fighting       | 3 5 6 8 9 |  9.2
Dodging        | 3 5 6 8 9 |  9.2
Unarmed Combat | 4 6 7 8 9 10 | 10.9

Action                   |  1- 3 |  4- 6 |  7- 9 || total
-------------------------+-------+-------+-------++-------
Melee: Unarmed           |     8 |    17 |    17 ||    42
Invok: Berserk           |       |     1 |     1 ||     2
       Trog's Hand       |       |       |     1 ||     1
  Eat: Chunk             |     2 |     8 |     1 ||    11
Armor: Animal skin       |     1 |     2 |     9 ||    12
Dodge: Dodged            |       |     5 |     5 ||    10
